 Dungeon Crawl Stone Soup version 0.32-a0-738-g1a05c61809 (webtiles) character file.

Game seed: 11353402437792949944

223237 acctyp the Arsonist (level 19, -4/168 HPs)
             Began as a Naga Hedge Wizard on Mar 17, 2024.
             Was a Priest of Cheibriados.
             Slain by a +2 heavy halberd (16 damage)
             ... on level 2 of the Elven Halls.
             The game lasted 04:10:12 (26934 turns).

acctyp the Arsonist (Naga Hedge Wizard)            Turns: 26934, Time: 04:10:13

Health: -4/168     AC: 29    Str: 20    XL:     19   Next: 26%
Magic:  7/35       EV: 12    Int: 31    God:    Cheibriados [***...]
Gold:   831        SH:  7    Dex: 21    Spells: 13/43 levels left

rFire   + + .        K - +8 broad axe of Osuustac {flame, Int+2}
rCold   + . .        S - +0 buckler
rNeg    + . .        u - melded +0 troll leather armour
rPois   ∞            L - +1 helmet
rElec   +            i - +2 cloak {Will+}
rCorr   +            e - melded +0 pair of gloves
SInv    +            y - melded +0 barding
Will    +++..        V - amulet of regeneration
Stlth   ++           a - ring "Celaim" {^Contam Fly rF++ rCorr Slay+5}
HPRegen 1.28/turn    h - ring of protection from cold
MPRegen 0.24/turn

%: no passive effects
@: on fire, statue-form, on blink cooldown, flying, glowing, very slow
A: slow and powerful, torment resistance 1, reduced hp, AC +6, large, see
invisible, deformed body, poison resistance, (slowness 2), spit poison 1, naga
tail 2
}: 1/15 runes: decaying
a: Spit Poison, Begin Untransformation, Renounce Religion, Bend Time, Temporal
Distortion


You were on level 2 of the Elven Halls.
You worshipped Cheibriados.
Cheibriados was most pleased with you.
You were a living statue of rough stone.
You visited 8 branches of the dungeon, and saw 33 of its levels.
You also visited: Ice Cave.

You collected 3385 gold pieces.
You spent 2554 gold pieces at shops.

Inventory:

Hand Weapons
 m - a +0 broad axe of protection
 F - the +27 heavy crossbow "Sniper" {heavy, Acc+∞ SInv}
   (You found it on level 7 of the Dungeon)

   Acc+∞: It never misses its target.
   SInv:      It lets you see invisible.
 K - the +8 broad axe of Osuustac (weapon) {flame, Int+2}
   (You found it on level 8 of the Dungeon)

   Int+2:     It affects your intelligence (+2).
 O - a +5 broad axe of freezing
Missiles
 C - 4 curare-tipped darts
 E - 5 silver javelins
 N - 10 javelins (quivered)
Armour
 e - a +0 pair of gloves (melded)
 i - a +2 cloak of willpower (worn)
 u - a +0 troll leather armour (melded)
 y - a +0 barding (melded)
 G - the +0 ring mail of the Tundras {rN+++ rCorr Int-2 Slay-5}
   (You bought it in a shop on level 8 of the Dungeon)

   Int-2:     It affects your intelligence (-2).
   Slay-5:    It affects your accuracy & damage with ranged weapons and melee
   (-5).
   rN+++:     It renders you almost immune to negative energy.
   rCorr:     It protects you from acid and corrosion.
 L - a +1 helmet (worn)
 S - a +0 buckler (worn)
Magical Staves
 o - a staff of cold
 J - a staff of conjuration
 U - the staffearth of Koodd {rN+ Earth}
   (You found it on level 5 of the Lair of Beasts)

   [staff of earth]

   Base accuracy: +5 Base damage: 5 Base attack delay: 1.2 This weapon's minimum
   attack delay (0.6) is reached at skill level 12.
   rN+:       It protects you from negative energy.
   Earth:     It increases the power of your Earth spells.
   It falls into the 'Staves' category.
   It is a one-handed weapon.
 W - a staff of fire
Jewellery
 a - the ring "Celaim" (left fist) {^Contam Fly rF++ rCorr Slay+5}
   (You bought it in a shop on level 8 of the Dungeon)

   [ring of resist corrosion]

   Slay+5:    It affects your accuracy & damage with ranged weapons and melee
   (+5).
   rF++:      It greatly protects you from fire.
   Fly:       It grants you flight.
   ^Contam:   It causes magical contamination when unequipped.
   rCorr:     It protects you from acid and corrosion.
 d - a ring of positive energy
 h - a ring of protection from cold (right fist)
 V - an amulet of regeneration (around neck)
Talismans
 t - a granite talisman (active)
Wands
 p - a wand of digging (9)
 q - a wand of acid (11)
 w - a wand of roots (23)
Scrolls
 b - a scroll of torment
 g - 6 scrolls of teleportation
 l - 2 scrolls of silence
 r - 4 scrolls of revelation
 s - a scroll of enchant armour
 z - 2 scrolls of amnesia
 A - 2 scrolls of poison
 I - 8 scrolls of identify
 R - 3 scrolls of immolation
 X - 3 scrolls of fog
 Z - a scroll of butterflies
Potions
 f - 2 potions of resistance
 j - 6 potions of lignification
 k - 8 potions of attraction
 n - 3 potions of mutation
 x - 9 potions of curing
 B - 5 potions of enlightenment
 P - 2 potions of ambrosia
 Q - a potion of brilliance
 Y - 3 potions of might
Miscellaneous
 D - a phantom mirror (inert)
 H - a lightning rod (inert)


   Skills:
 - Level 10.3 Fighting
 - Level 5.0 Axes
 - Level 5.0 Ranged Weapons
 - Level 2.0 Throwing
 - Level 6.0 Dodging
 - Level 12.3 Stealth
 - Level 9.3 Shields
 - Level 12.6 Spellcasting
 - Level 6.0 Conjurations
 - Level 7.0 Summonings
 - Level 5.0 Necromancy
 - Level 4.0 Translocations
 - Level 14.4 Fire Magic
 - Level 5.0 Ice Magic
 - Level 5.0 Air Magic
 - Level 4.0 Alchemy
 - Level 10.0 Invocations
 - Level 2.0 Evocations
 * Level 13.6 Shapeshifting


You had 13 spell levels left.
You knew the following spells:

 Your Spells              Type           Power      Damage    Failure   Level
a - Freezing Cloud        Conj/Ice/Air   25%        6-21      9%          5
b - Apportation           Tloc           88%        N/A       1%          1
c - Mephitic Cloud        Conj/Alch/Air  50%        N/A       1%          3
d - Blink                 Tloc           88%        N/A       1%          2
e - Sticky Flame          Fire/Alch      67%        2d11      1%          4
f - Dispel Undead         Necr           50%        3d19      3%          4
g - Ozocubu's Armour      Ice            50%        N/A       1%          3
h - Ignition              Fire           41%        3d12      45%         8

Your spell library contained the following spells:

 Spells                   Type           Power      Damage    Failure   Level
 Freeze                   Ice            100%       1d10      1%          1
 Kiss of Death            Conj/Necr      100%       2d13      1%          1
 Magic Dart               Conj           100%       1d8       1%          1
 Call Imp                 Summ           100%       N/A       1%          2
 Cigotuvi's Dreadful Rot  Necr/Alch/Air  96%        N/A       1%          2
 Mercury Vapours          Alch/Air       94%        N/A       1%          2
 Call Canine Familiar     Summ           58%        N/A       1%          3
 Frozen Ramparts          Ice            100%       1d16      1%          3
 Fugue of the Fallen      Necr           50%        N/A       1%          3
 Hailstorm                Conj/Ice       52%        3d10      1%          3
 Inner Flame              Hex/Fire       59%        N/A       1%          3
 Vampiric Draining        Necr           50%        2d9       1%          3
 Flame Wave               Conj/Fire      70%        2d16      1%          4
 Ignite Poison            Fire/Alch      67%        N/A       1%          4
 Summon Blazeheart Golem  Fire/Summ      72%        N/A       1%          4
 Slow                     Hex            76%        N/A       2%          1
 Dazzling Flash           Conj/Hex       76%        N/A       2%          3
 Jinxbite                 Hex            38%        N/A       4%          2
 Manifold Assault         Tloc           44%        N/A       5%          4
 Olgreb's Toxic Radiance  Alch           44%        N/A       5%          4
 Iskenderun's Battlesphe  Conj           54%        2d10      7%          5
 Confusing Touch          Hex            19%        N/A       9%          3
 Sigil of Binding         Hex            19%        N/A       9%          3
 Curse of Agony           Necr           50%        N/A       10%         5
 Dimensional Bullseye     Hex/Tloc       16%        N/A       12%         4
 Alistair's Intoxication  Alch           29%        N/A       16%         5
 Silence                  Hex/Air        17%        N/A       28%         5
 Conjure Ball Lightning   Conj/Air       26%        3x3d7     41%         6
 Ozocubu's Refrigeration  Ice            25%        4d13      97%         7
 Discord                  Hex            9%         N/A       100%        8


Dungeon Overview and Level Annotations

Branches:
Dungeon (15/15)            Temple (1/1) D:6            Lair (5/5) D:9
  Swamp (4/4) Lair:2        Snake (3/4) Lair:2        Slime (0/5) Lair:4
    Orc (2/2) D:12            Elf (2/3) Orc:2        Vaults (0/5) D:13
 Depths (1/4) D:15          IceCv (visited)

Altars:
Ashenzari
Cheibriados
Dithmenos
Elyvilon
Fedhas
Gozag
Hepliaklqana
Kikubaaqudgha
Makhleb
Nemelex Xobeh
Okawaru
Qazlal
Ru
Sif Muna
Trog
Uskayaw
Vehumet
Wu Jian
Xom
Yredelemnul
Zin
The Shining One
Beogh
Jiyva

Shops:
D:4 =   D:8 [*=:=   D:9 [   Orc:2 ::[*?   Snake:2 !

Annotations:
Temple 2 transporters
Snake:2 2 transporters, Worr's ghost, journeyman DgHu
Snake:3 Bai Suzhen


Innate Abilities, Weirdness & Mutations

You are a living statue of rough stone.
Your actions are slow, but your melee attacks are powerful.
You are resistant to unholy torment.
Your maximum health is decreased, since you lack skill for your form.
Your equipment is partially melded.
((Your serpentine skin is tough. (AC +6)))
You are immune to poison.
You have supernaturally acute eyesight. (SInv)
Armour fits poorly on your strangely shaped body.
Your system is resistant to poisons. (rPois)
((You cover ground very slowly.))
You can spit poison.
You can use your snake-like lower body to constrict enemies.


Message History

The deep elf zephyrmancer points at you and mumbles some strange words.
The bolt of lightning misses you.
The bolt of lightning hits the earth elemental.
The earth elemental completely resists.
You block the +2 heavy halberd's attack.
Casting: Blink (safe; 1% risk of failure)
Confirm with . or Enter, or press ? or * to list all spells.
You blink.
The liquid fire burns you!
* * * LOW HITPOINT WARNING * * *
The deep elf zephyrmancer mumbles some strange words.
The deep elf zephyrmancer blinks!
Okay, then.
Unknown command.
Unknown command.
Okay, then.
Unknown command.
Unknown command.
Okay, then.
Okay, then.
Unknown command.
Okay, then.
Unknown command.
Okay, then.
Unknown command.
You feel better. The liquid fire burns you!
* * * LOW HITPOINT WARNING * * *
The +2 heavy halberd is no longer covered in acid.
You block the +2 heavy halberd's attack.
The deep elf zephyrmancer gestures at you while chanting.
The bolt of lightning hits you. You resist.
* * * LOW HITPOINT WARNING * * *
The bolt of lightning hits you. You resist.
* * * LOW HITPOINT WARNING * * *
The bolt of lightning hits the deep elf zephyrmancer!!
The deep elf zephyrmancer dies!
The +2 heavy halberd hits you from afar!
You die...
Cheibriados appreciates the motionlessness of death.

########
##..).).## . .
##.I).))..##
....#..e)(...>.##
.....)..E.)<....+
......)..))).)..+
...............##
..............##
...).#.)..)..##
.).))..........
..)../..........'


You could see an earth elemental (corroded), a deep elf zephyrmancer and a +2
heavy halberd.

Vanquished Creatures
  Saint Roka (Orc:2)
  A bone dragon (Swamp:4)
  Frances (Swamp:1)
  Agnes (Elf:1)
  A thorn hunter (Swamp:4)
  A fire giant (D:15)
  A deep elf sorcerer (Elf:1)
  2 very ugly things (IceCv)
  2 eleionomae
  5 bunyips
  Nessos (Orc:2)
  3 spark wasps (Swamp:4)
  A minotaur (Lair:2)
  Snorg (Orc:1)
  Josephine (Orc:2)
  A shambling mangrove (Swamp:3)
  An entropy weaver (shapeshifter) (D:14)
  A fire dragon (D:15)
  5 alligators (Swamp:2)
  6 caustic shrike simulacra (IceCv)
  11 hydras
  11 anacondas
  A death knight (D:13)
  6 ogre magi
  3 catoblepae
  4 centaur warriors
  2 ghost crabs
  10 two-headed ogres
  5 boulder beetles
  2 dancing weapons (Elf:1)
  A deep troll shaman (Lair:5)
  9 death yaks
  An orc high priest (Elf:2)
  3 shock serpents
  10 naga sharpshooters
  4 naga warriors
  5 deep elf knights (Elf:2)
  Sonja (Orc:2)
  Amaemon (Lair:1)
  8 skeletal warriors
  2 skysharks
  A salamander mystic (Snake:3)
  A death drake (Swamp:4)
  6 spriggan druids
  10 goliath frogs
  6 mana vipers
  5 deep elf archers
  Pikel (D:9)
  4 naga ritualists
  3 swamp dragons
  5 bog bodies
  4 spectral hydras (Swamp:4)
  An arcanist (D:15)
  2 thermic dynamos (Elf:2)
  2 orange crystal statues (IceCv)
  17 deep elf pyromancers
  8 orc knights
  2 spectral alligators (Swamp:4)
  12 deep elf zephyrmancers
  A wolf spider (D:15)
  19 ugly things
  2 oklob plants (Lair:3)
  4 salamanders
  4 orc sorcerers
  4 cyclopes
  2 alligator zombies (Swamp:4)
  3 will-o-the-wisps
  8 manticores
  16 elephants
  4 kobold blastminers (Orc:2)
  6 meliai
  35 black mambas
  3 gargoyles
  5 naga magi
  A torpor snail (Lair:4)
  2 unseen horrors
  An orange demon (Lair:1)
  17 cane toads
  A kobold demonologist (D:13)
  4 rime drakes
  A yaktaur (shapeshifter) (D:14)
  5 komodo dragons
  5 swamp worm zombies (Swamp:4)
  3 freezing wraiths
  8 trolls
  A bloated husk (Swamp:4)
  4 hydra zombies (Swamp:4)
  5 polar bears
  A wolf spider simulacrum (D:15)
  6 tyrant leeches
  21 hornets
  Grinder (D:6)
  A spectral swamp dragon (Swamp:4)
  A blink frog (shapeshifter) (D:8)
  3 alligator simulacra (IceCv)
  13 blink frogs
  7 dream sheep
  An air elemental (Elf:2)
  Sigmund (D:3)
  4 dire elephant simulacra (IceCv)
  29 slime creatures
  2 vampires
  2 fire elementals (Elf:1)
  3 shadows
  21 spriggans
  11 wraiths
  2 wyverns
  33 yaks
  3 water elementals
  A steam dragon (D:6)
  3 tyrant leech zombies (Swamp:4)
  A basilisk (Lair:4)
  8 wargs
  Menkaure (D:7)
  16 nagas
  13 vampire mosquitoes
  17 swamp worms
  2 hydra simulacra (IceCv)
  An acid dragon (D:14)
  21 water moccasins
  Duvessa (D:7)
  40 orc warriors
  2 laughing skulls (D:15)
  A sky beast (D:8)
  3 swamp dragon zombies (Swamp:4)
  6 black bears
  3 ice beasts
  2 ettin simulacra (IceCv)
  13 ogres
  38 wolves
  13 centaurs
  4 lemures (D:9)
  6 phantoms
  3 kobold brigands
  A weeping skull (D:10)
  13 bullfrogs
  2 gnoll sergeants
  6 scorpions
  Dowan (D:7)
  15 wights
  22 killer bees
  9 howler monkeys
  A lindwurm simulacrum (IceCv)
  2 electric eels (D:12)
  A bombardier beetle (D:3)
  A hound (D:5)
  13 orc priests
  A gnoll bouda (D:9)
  17 orc wizards
  2 sleepcaps
  5 iguanas
  4 adders
  14 gnolls
  2 white imps
  6 ufetubi
  2 ribbon worms (D:2)
  A dart slug (D:1)
  112 orcs
  5 bats
  4 endoplasms
  6 giant cockroaches
  5 goblins
  8 hobgoblins
  3 jackals (D:4)
  4 quokkas
  3 ball pythons
  2 frilled lizards
  10 kobolds
  4 rats
  A spectral orc (D:10)
1094 creatures vanquished.

Vanquished Creatures (collateral kills)
  A deep elf pyromancer (Elf:2)
  A komodo dragon (D:7)
  An orc warrior (D:5)
  A wight (D:5)
  An orc priest (D:6)
  A hound (D:7)
  An iguana (D:5)
  4 adders
  An orc (D:5)
  An endoplasm (D:2)
  A jackal (D:4)
  A rat (D:2)
15 creatures vanquished.

Vanquished Creatures (others)
  A ghost crab (Swamp:4)
  A phantasmal warrior (Swamp:4)
  A deep elf zephyrmancer (Elf:2)
  2 bloated husks
  3 phantoms (Swamp:4)
  An orc (Elf:2)
  A butterfly (D:14)
  15 foxfires
25 creatures vanquished.

Grand Total: 1134 creatures vanquished

Notes
Turn   | Place    | Note
-------+----------+-------------------------------------------
     0 | D:1      | acctyp the Naga Hedge Wizard began the quest for the Orb.
     0 | D:1      | Reached XP level 1. HP: 15/15 MP: 4/4
    97 | D:1      | Reached XP level 2. HP: 13/22 MP: 0/6
   136 | D:1      | Learned a level 2 spell: Call Imp
   349 | D:1      | Reached XP level 3. HP: 28/28 MP: 5/7
   353 | D:1      | Learned a level 3 spell: Mephitic Cloud
   356 | D:1      | Learned a level 2 spell: Blink
   649 | D:2      | Found a hazy altar of Hepliaklqana.
  1376 | D:3      | Reached XP level 4. HP: 36/36 MP: 4/8
  1558 | D:3      | Reached skill level 1 in Air Magic
  1558 | D:3      | Reached skill level 1 in Alchemy
  1672 | D:3      | Found a snail-covered altar of Cheibriados.
  1761 | D:3      | Noticed a centaur
  1862 | D:3      | Found a faded altar of an unknown god.
  1865 | D:3      | Found a blossoming altar of Fedhas.
  1891 | D:3      | Became a worshipper of Cheibriados the Contemplative
  1962 | D:3      | Reached XP level 5. HP: 31/42 MP: 7/9
  2021 | D:3      | Found a sparkling altar of Nemelex Xobeh.
  2057 | D:3      | Found an iron altar of Okawaru.
  2081 | D:3      | Noticed Sigmund
  2389 | D:4      | Found a bloodstained altar of Trog.
  2477 | D:4      | Found a glowing golden altar of the Shining One.
  2611 | D:4      | Reached * piety under Cheibriados
  2649 | D:4      | Reached XP level 6. HP: 49/49 MP: 8/10
  2666 | D:4      | Noticed a black bear
  2686 | D:4      | Killed a black bear
  2867 | D:4      | Found Affyats's Jewellery Boutique.
  3080 | D:3      | Killed Sigmund
  3081 | D:3      | Reached XP level 7. HP: 51/56 MP: 6/13
  3573 | D:5      | Entered Level 5 of the Dungeon
  3584 | D:5      | Reached skill level 1 in Fighting
  3728 | D:4      | Reached skill level 5 in Spellcasting
  3741 | D:5      | Reached XP level 8. HP: 52/64 MP: 15/15
  3882 | D:4      | Reached skill level 5 in Conjurations
  4141 | D:5      | Reached ** piety under Cheibriados
  4316 | D:5      | Learned a level 4 spell: Sticky Flame
  4410 | D:5      | Reached skill level 5 in Summonings
  4545 | D:5      | Reached XP level 9. HP: 45/73 MP: 10/16
  5031 | D:5      | Reached skill level 1 in Fire Magic
  5160 | D:6      | Reached skill level 2 in Fire Magic
  5203 | D:6      | Reached skill level 3 in Fire Magic
  5393 | D:6      | Reached skill level 4 in Fire Magic
  5444 | D:6      | Learned a level 4 spell: Dispel Undead
  5485 | D:6      | Noticed Grinder
  5496 | D:6      | Killed Grinder
  5496 | D:6      | Reached *** piety under Cheibriados
  5625 | D:6      | Reached skill level 1 in Necromancy
  5680 | D:6      | Found a staircase to the Ecumenical Temple.
  5686 | Temple   | Found a transporter.
  5686 | Temple   | Found a transporter.
  5686 | Temple   | Found a transporter.
  5686 | Temple   | Found a transporter.
  5686 | Temple   | Entered the Ecumenical Temple
  5902 | D:7      | Noticed Duvessa
  5902 | D:7      | Noticed Dowan
  5913 | D:7      | Killed Dowan
  5915 | D:7      | Killed Duvessa
  5916 | D:7      | Reached skill level 5 in Fire Magic
  6050 | D:7      | Reached XP level 10. HP: 77/80 MP: 0/19
  6084 | D:7      | Noticed Menkaure
  6185 | D:7      | Found an opulent altar of Gozag.
  6355 | D:7      | Noticed a deep elf pyromancer
  6365 | D:7      | Noticed a manticore
  6369 | D:7      | Killed a deep elf pyromancer
  6374 | D:7      | Killed a manticore
  6375 | D:7      | Reached skill level 6 in Fire Magic
  6432 | D:7      | Reached **** piety under Cheibriados
  6585 | D:7      | Found the +27 heavy crossbow "Sniper" {heavy, Acc+∞ SInv}
  6808 | D:7      | Killed Menkaure
  6894 | D:8      | Found Xulelin's Assorted Antiques.
  6900 | D:8      | Bought a scroll labelled IJAOGH TOXYSEA for 27 gold pieces
  6900 | D:8      | Bought a sedimented pink potion for 24 gold pieces
  6900 | D:8      | Bought a runed robe for 99 gold pieces
  6916 | D:8      | Found Dujisoc's Jewellery Shoppe.
  6964 | D:8      | Found Usiph's Armour Shoppe.
  6976 | D:8      | Bought the +0 ring mail of the Tundras {rN+++ rCorr Int-2
                  | Slay-5} for 186 gold pieces
  6982 | D:8      | Reached skill level 1 in Invocations
  7023 | D:8      | Reached ***** piety under Cheibriados
  7132 | D:8      | Found a broken altar of Ashenzari.
  7166 | D:8      | Found a stormy altar of Qazlal.
  7215 | D:8      | Noticed a boulder beetle
  7215 | D:8      | Noticed a cyclops
  7216 | D:8      | Noticed an unseen horror
  7220 | D:8      | Noticed a two-headed ogre
  7221 | D:8      | Noticed a manticore
  7229 | D:8      | an unseen horror changed into a cyclops
  7229 | D:8      | Noticed a cyclops (shapeshifter)
  7246 | D:8      | Found Joguiruuruf's Book Boutique.
  7269 | D:8      | Found Bucaad's Jewellery Boutique.
  7277 | D:8      | Reached XP level 11. HP: 86/86 MP: 20/23
  7280 | D:8      | Reached skill level 5 in Invocations
  7603 | D:8      | Found a glowing silver altar of Zin.
  7603 | D:8      | Noticed an angel
  7640 | D:8      | Killed a two-headed ogre
  7641 | D:8      | Killed a manticore
  7643 | D:8      | Killed a cyclops
  7645 | D:8      | Killed a boulder beetle
  7670 | D:8      | Identified the +8 broad axe of Osuustac {flame, Int+2}
  7721 | D:8      | Learned a level 3 spell: Ozocubu's Armour
  7731 | D:9      | Reached skill level 1 in Ranged Weapons
  7845 | D:9      | Noticed Pikel
  7849 | D:9      | Killed Pikel
  7850 | D:9      | Reached skill level 5 in Stealth
  8036 | D:9      | Found a hazy altar of Hepliaklqana.
  8054 | D:9      | Noticed a +0 dagger
  8054 | D:9      | Noticed a +0 short sword
  8055 | D:9      | Noticed a +0 spear
  8055 | D:9      | Noticed a +0 falchion
  8055 | D:9      | Noticed a +0 short sword
  8055 | D:9      | Noticed a +0 falchion
  8056 | D:9      | Noticed a +0 dagger
  8057 | D:9      | Noticed a +0 spear
  8067 | D:9      | Found a hide-covered altar of Uskayaw.
  8074 | D:9      | Reached skill level 1 in Ice Magic
  8138 | D:9      | Reached ****** piety under Cheibriados
  8286 | D:9      | Found Vioxoaf's Armour Emporium.
  8294 | D:9      | Noticed a two-headed ogre
  8300 | D:9      | Killed a two-headed ogre
  8362 | D:9      | Found a staircase to the Lair.
  8368 | Lair:1   | Entered Level 1 of the Lair of Beasts
  8450 | Lair:1   | Reached XP level 12. HP: 99/99 MP: 25/25
  8473 | Lair:1   | Reached skill level 5 in Ranged Weapons
  8688 | Lair:1   | Noticed Amaemon
  8691 | Lair:1   | Killed Amaemon
  8868 | Lair:1   | Noticed a catoblepas
  8871 | Lair:1   | Killed a catoblepas
  8872 | Lair:1   | Reached skill level 5 in Fighting
  9022 | Lair:2   | Found a runed translucent door.
  9121 | Lair:2   | Reached skill level 5 in Necromancy
  9147 | Lair:2   | Found a staircase to the Snake Pit.
  9163 | Lair:2   | Reached skill level 1 in Axes
  9172 | Lair:2   | Gained mutation: You can use your snake-like lower body to
                  | constrict enemies. [Naga growth]
  9172 | Lair:2   | Reached XP level 13. HP: 108/112 MP: 17/26
  9605 | Lair:2   | Found a staircase to the Swamp.
  9768 | Lair:2   | Noticed a minotaur
  9779 | Lair:2   | Killed a minotaur
 10054 | Lair:3   | Reached skill level 1 in Shapeshifting
 10067 | Lair:3   | Reached skill level 10 in Spellcasting
 10091 | Lair:3   | You fall into a shaft and drop 2 floors!
 10091 | Lair:5   | Entered Level 5 of the Lair of Beasts
 10177 | Lair:5   | Reached skill level 5 in Axes
 10290 | Lair:3   | Identified the +4 mace of Dishonesty {vamp, rF+}
 10292 | Lair:3   | Reached skill level 5 in Dodging
 10763 | Lair:3   | Reached skill level 10 in Stealth
 11042 | Lair:3   | Found a blossoming altar of Fedhas.
 11370 | Lair:4   | Reached XP level 14. HP: 112/127 MP: 26/28
 11701 | Lair:4   | Found a staircase to the Slime Pits.
 11720 | Lair:4   | Found a viscous altar of Jiyva.
 12135 | Lair:5   | Identified the +1 hat of Uskayaw's Outrage {Rampage Str+4
                  | Dex-5}
 12575 | Lair:5   | Reached skill level 10 in Fighting
 12633 | Lair:5   | Identified the staffearth of Koodd {rN+ Earth}
 12661 | Lair:5   | Reached skill level 10 in Invocations
 12904 | D:10     | Entered Level 10 of the Dungeon
 13076 | D:10     | Found a basalt altar of Yredelemnul.
 13268 | D:10     | Reached skill level 5 in Shapeshifting
 14196 | D:12     | Reached XP level 15. HP: 128/138 MP: 26/29
 14222 | D:12     | Found a staircase to the Orcish Mines.
 14317 | D:12     | Found a glowing golden altar of the Shining One.
 14996 | D:8      | Bought the ring "Celaim" {^Contam Fly rF++ rCorr Slay+5}
                  | for 868 gold pieces
 15157 | Orc:1    | Entered Level 1 of the Orcish Mines
 15157 | Orc:1    | Found a roughly hewn altar of Beogh.
 15210 | Orc:1    | Found a roughly hewn altar of Beogh.
 15576 | Orc:2    | Entered Level 2 of the Orcish Mines
 15875 | D:8      | Bought a book of Vapours for 390 gold pieces
 15881 | D:8      | Learned a level 5 spell: Freezing Cloud
 16034 | Orc:2    | Found Xeiwulli's Vocational Training.
 16044 | Orc:2    | Noticed Josephine
 16048 | Orc:2    | Killed Josephine
 16049 | Orc:2    | Reached skill level 10 in Shapeshifting
 16105 | Orc:2    | Noticed Sonja
 16106 | Orc:2    | Killed Sonja
 16192 | Orc:2    | Found Xuophuj's Book Shop.
 16200 | Orc:2    | Noticed Saint Roka
 16212 | Orc:2    | Found Ybamoj's Armour Boutique.
 16357 | Orc:2    | Found a staircase to the Elven Halls.
 16397 | Orc:2    | Killed Saint Roka
 16398 | Orc:2    | Reached skill level 1 in Shields
 16426 | Orc:2    | Found a roughly hewn altar of Beogh.
 16472 | Orc:2    | Found Giuju's General Store.
 16475 | Orc:2    | Found Dagaiv's Magic Scroll Boutique.
 16507 | Orc:2    | Noticed Nessos
 16510 | Orc:2    | Paralysed by Nessos for 3 turns
 16516 | Orc:2    | Killed Nessos
 17026 | Orc:1    | Noticed Snorg
 17036 | Orc:1    | Killed Snorg
 17247 | D:13     | Reached skill level 5 in Air Magic
 17250 | D:13     | Reached XP level 16. HP: 120/146 MP: 18/30
 17396 | D:13     | Reached skill level 5 in Ice Magic
 17606 | D:13     | Reached skill level 5 in Shields
 17888 | D:13     | Found a gate to the Vaults.
 18424 | D:14     | Found a white marble altar of Elyvilon.
 18740 | D:15     | Entered Level 15 of the Dungeon
 18946 | D:15     | Found a staircase to the Depths.
 18984 | D:15     | Learned a level 8 spell: Ignition
 19210 | D:15     | Reached skill level 7 in Fire Magic
 19850 | Swamp:1  | Entered Level 1 of the Swamp
 19860 | Swamp:1  | Found a glacial archway.
 19887 | IceCv    | Entered an ice cave
 19955 | IceCv    | Reached skill level 8 in Fire Magic
 20145 | IceCv    | Reached XP level 17. HP: 146/153 MP: 12/31
 20147 | IceCv    | Reached skill level 9 in Fire Magic
 20147 | IceCv    | Reached skill level 1 in Evocations
 20377 | Swamp:1  | Noticed Frances
 20384 | Swamp:1  | Killed Frances
 20411 | Swamp:1  | Reached skill level 10 in Fire Magic
 20882 | Swamp:2  | Reached skill level 11 in Fire Magic
 21427 | Swamp:3  | Reached skill level 12 in Fire Magic
 21808 | Swamp:3  | Reached skill level 1 in Throwing
 22171 | Swamp:4  | Entered Level 4 of the Swamp
 22616 | Swamp:4  | Reached skill level 13 in Fire Magic
 23026 | Swamp:4  | Reached XP level 18. HP: 148/160 MP: 5/33
 23029 | Swamp:4  | Noticed a bone dragon
 23116 | Swamp:4  | Killed a bone dragon
 23203 | Swamp:4  | Learned a level 1 spell: Apportation
 23204 | Swamp:4  | Got a decaying rune of Zot
 23350 | Snake:1  | Entered Level 1 of the Snake Pit
 23355 | Snake:1  | Reached skill level 14 in Fire Magic
 23994 | Snake:2  | Noticed Worr's ghost (journeyman DgHu)
 24006 | Snake:2  | Found a transporter.
 24054 | Snake:2  | Found a transporter.
 24074 | Snake:2  | Found Kiprur's Distillery.
 24121 | Snake:2  | You are sucked into a shaft and drop 1 floor!
 24127 | Snake:3  | Got Qullill's Guide on Fiery Power
 24429 | Snake:3  | Noticed Bai Suzhen
 25261 | Snake:3  | Found a bloodstained altar of Trog.
 25756 | D:8      | Bought a granite talisman for 960 gold pieces
 25984 | Depths:1 | Entered Level 1 of the Depths
 26146 | Elf:1    | Entered Level 1 of the Elven Halls
 26397 | Elf:1    | Noticed Agnes
 26401 | Elf:1    | Killed Agnes
 26482 | Elf:1    | Reached XP level 19. HP: 102/169 MP: 23/35
 26575 | Elf:1    | Got the Handbook of Mutual Fulmination
 26903 | Elf:2    | Paralysed by an air elemental for 1 turns
 26934 | Elf:2    | Slain by a +2 heavy halberd

Illustrated notes

Levels and vault maps discovered:
D:1:      spicycebolla_green_bress_n_ham_2, layout_basic
D:2:      layout_rooms, basic_altar
D:3:      layout_basic, nicolae_overflow_ecumenical_swirl, lemuel_tele_altar,
          mainiacjoe_overflow_large_starburst, serial_co_window_serial,
          co_window_corner_a, co_window_paths_b, co_window_corner_a,
          co_window_corner_a, co_window_corner_a, co_window_2corner,
          co_window_corner_cb, co_window_unsneaky_path_d, co_window_paths_c,
          glass_columns_a, glass_columns_c, glass_columns_a, glass_columns_b,
          glass_columns_a, serial_bayou_pond_c, uniq_sigmund
D:4:      layout_basic, mainiacjoe_overflow_catch_the_wave, serial_shops, shop
D:5:      minmay_chambers_of_threes, layout_rooms, corexii_shack,
          chequers_serial_rivers_large_b
D:6:      layout_gridville, temple_green, uniq_grinder
D:7:      layout_cave_pools, grunt_gozag_breadcrumbs, minmay_the_grid_2x2
          [minmay_the_grid_box_x, minmay_the_grid_minigrid_small_alt,
          minmay_the_grid_large_cup, minmay_the_grid_prize_trominoes],
          uniq_menkaure, uniq_duvessa
D:8:      layout_cave_pools, lemuel_doored_altar, zin_angel,
          nicolae_qazlal_style_of_elements, special_room [special_room_orc],
          serial_shops, nicolae_inconvenience_store, shop,
          nicolae_shop_tiny_glass, shop, shop_fountains,
          onia_ninara_dug_in_and_dangerous
D:9:      layout_small_grid, nicolae_uskayaw_en_pointe,
          worldfamousw_hep_ancestral_shrine, lair_entry_dummy, serial_shops,
          nicolae_shop_real_fake_doors, uniq_pikel
D:10:     layout_roguey, yredelemnul_forgotten_temple_becter
D:11:     kennysheep_six_static_rooms, layout_long_grid, minmay_misc_feat_chi
D:12:     layout_roguey, erik_orc_2, tso_oasis_becter
D:13:     layout_layer_cave, david_vaults_2
D:14:     layout_irregular_city, nicolae_elyvilon_peaceful_grove,
          nicolae_kite_square_tiling_tiny, nicolae_the_louvre
D:15:     grunt_enter_depths_giant_problem, layout_basic
Temple:   hellmonk_temple_divided_pantheon
Lair:1:   layout_regular_city, infiniplex_staircase_pool_2, uniq_amaemon
Lair:2:   dreamdust_labyrinth, layout_long_grid,
          mainiacjoe_swamp_entry_lozenge_pond,
          minmay_snake_entry_guardpost_small, grunt_megastairs_5
Lair:3:   layout_cave_pods, minivault_11, hangedman_tree_tricks,
          serial_bayou_pond_e, beast_lair_carwin_10, grunt_megastairs_4
Lair:4:   layout_small_grid, slime_entry_1
Lair:5:   grunt_lair_end_beastmaster, layout_concentric_octagons,
          chequers_serial_rivers_small_b, cheibrodos_lair_lostbears
Swamp:1:  layout_basic_swamp, portal_ice_cave_entry_pillars_2,
          evilmike_swamp_ruin_house_1, st_swamp_mini,
          nicolae_swamp_decorative_isthmus, uniq_frances
Swamp:2:  layout_basic_swamp, nicolae_swamp_fairy_circle
Swamp:3:  layout_falls_marsh, nicolae_swamp_little_tower, swamp_pool_3,
          water_boxes_lemuel
Swamp:4:  swamp_pestilence, layout_basic_swamp, swamp_pool_4,
          nicolae_swamp_catching_bugs
Snake:1:  layout_gridlike, drop_trap
Snake:2:  layout_grid_maze, gammafunk_ghost_arena, nicolae_snake_single_loop,
          grunt_megastairs_2, minmay_shop_star
Snake:3:  layout_onion_interference, basic_altar, uniq_bai_suzhen
Orc:1:    hellmonk_paralyzer, layout_diamond_mine, basic_altar, mines2_david,
          uniq_snorg
Orc:2:    st_orc_town, layout_diamond_mine, nicolae_shop_vocational,
          uniq_nessos, uniq_sonja, uniq_josephine, uniq_saint_roka
Elf:1:    layout_gridlike, minmay_elf_sorcery, item_on_display_a, uniq_agnes
Elf:2:    nicolae_elf_blades_crystal_corner, layout_gridlike
Depths:1: layout_long_grid, enter_ziggurat_a, nicolae_trove_entry_free_sample,
          nrook_campfire, rand_demon_pan_entry_1, hell_entry,
          lemuel_flame_loot_1, uniq_sojobo

Skill      XL: |  1  2  3  4  5  6  7  8  9 10 11 12 13 14 15 16 17 18 19 |
---------------+----------------------------------------------------------+-----
Conjurations   | 2 3 4 5 6 |  6.0
Air Magic      | 1 2 3 4 5 |  5.0
Alchemy        | 1 3 4 |  4.0
Spellcasting   | 4 5 6 8 9 10 11 12 | 12.6
Fighting       | 1 2 4 6 8 10 | 10.3
Dodging        | 2 3 4 5 6 |  6.0
Stealth        | 4 5 8 10 12 | 12.3
Summonings     | 5 7 |  7.0
Fire Magic     | 5 6 8 13 14 | 14.4
Necromancy     | 1 3 5 |  5.0
Invocations    | 4 8 9 10 | 10.0
Ranged Weapons | 4 5 |  5.0
Ice Magic      | 1 3 4 5 |  5.0
Axes           | 2 5 |  5.0
Shapeshifting  | 2 6 11 12 13 | 13.6
Translocations | 2 4 |  4.0
Shields        | 2 8 9 |  9.3
Evocations     | 2 |  2.0
Throwing       | 2 |  2.0

Action                     |  1- 3 |  4- 6 |  7- 9 | 10-12 | 13-15 | 16-18 | 19-21 || total
---------------------------+-------+-------+-------+-------+-------+-------+-------++-------
  Melee: Dagger            |     6 |       |       |       |       |       |       ||     6
         Short sword       |     3 |    13 |    84 |       |       |       |       ||   100
         Scimitar          |       |       |    22 |    27 |       |       |       ||    49
         Broad axe         |       |       |       |    12 |   231 |   527 |    17 ||   787
         Constrict         |       |       |       |       |    82 |   148 |     4 ||   234
   Fire: Heavy crossbow    |       |       |       |   183 |   213 |    11 |       ||   407
  Throw: Dart              |     7 |    28 |    13 |     1 |       |       |       ||    49
         Stone             |     1 |       |    19 |       |       |       |       ||    20
         Javelin           |       |       |    11 |     7 |    36 |    98 |     1 ||   153
         Boomerang         |       |       |       |       |       |    23 |       ||    23
   Cast: Magic Dart        |    43 |    34 |    41 |     4 |       |       |       ||   122
         Call Imp          |     3 |     5 |    26 |     5 |     2 |       |       ||    41
         Blink             |     3 |     1 |     6 |     3 |     6 |     5 |     2 ||    26
         Mephitic Cloud    |       |     5 |    30 |    49 |    54 |    15 |       ||   153
         Sticky Flame      |       |       |    19 |     9 |    16 |    33 |       ||    77
         Ozocubu's Armour  |       |       |       |     2 |    23 |    12 |     1 ||    38
         Dispel Undead     |       |       |       |       |     7 |    21 |       ||    28
         Freezing Cloud    |       |       |       |       |    10 |    99 |     9 ||   118
         Apportation       |       |       |       |       |       |     2 |       ||     2
 Invoke: Slouch            |       |       |       |     3 |    13 |    23 |     3 ||    42
         Step From Time    |       |       |       |       |     2 |     3 |       ||     5
Ability: Spit Poison       |    26 |    32 |    34 |    16 |    26 |    15 |     2 ||   151
  Evoke: Wand              |       |       |     3 |     1 |     8 |       |     3 ||    15
         Lightning rod     |       |       |       |       |     2 |       |     4 ||     6
         Phantom mirror    |       |       |       |       |     1 |       |     1 ||     2
    Use: Scroll            |     2 |       |    13 |     5 |     8 |    22 |       ||    50
         Potion            |       |       |     3 |     2 |       |     3 |    14 ||    22
   Stab: Confused          |       |       |     7 |     5 |    32 |     6 |       ||    50
         Distracted        |       |       |     1 |       |     1 |       |       ||     2
         Sleeping          |       |       |       |       |       |    17 |       ||    17
 Armour: Robe              |    22 |    24 |   125 |    63 |       |    59 |       ||   293
         Troll leather arm |       |       |       |    87 |   372 |   766 |       ||  1225
         Skin              |       |       |       |       |       |    31 |   137 ||   168
  Dodge: Dodged            |    10 |    27 |    86 |   117 |   297 |   327 |    57 ||   921
  Block: Buckler           |       |       |       |       |    18 |   273 |    37 ||   328
   Form: Statue            |       |       |       |       |       |     1 |       ||     1

Table legend: (Time is in decaauts)
 A = Elapsed time spent in this place.
 B = Non-inter-level travel time spent in this place.
 C = Inter-level travel time spent in this place.
 D = Time resting spent in this place.
 E = Time spent auto-exploring this place.
 F = Levels seen in this place.
 G = Mean time per level.
                   A        B        C        D        E       F      G
               +--------+--------+--------+--------+--------+-----+--------+
         Total |  61186 |  52218 |   8968 |    100 |  30221 |  34 | 1799.6 |
       Dungeon |  29694 |  24446 |   5248 |      0 |  14063 |  15 | 1979.6 |
        Temple |      1 |      1 |      0 |      0 |      0 |   1 |    1.0 |
          Lair |  12090 |  10670 |   1420 |    100 |   7710 |   5 | 2418.0 |
         Swamp |   7316 |   6459 |    857 |      0 |   3258 |   4 | 1829.0 |
     Snake Pit |   5301 |   4636 |    665 |      0 |   2083 |   3 | 1767.0 |
  Orcish Mines |   4168 |   3539 |    629 |      0 |   2196 |   2 | 2084.0 |
   Elven Halls |   1908 |   1762 |    146 |      0 |    909 |   2 |  954.0 |
        Depths |      2 |      1 |      1 |      0 |      0 |   1 |    2.0 |
      Ice Cave |    702 |    702 |      0 |      0 |      0 |   1 |  702.0 |
               +--------+--------+--------+--------+--------+-----+--------+

Top non-repeatable levels by time:
  Lair:2: 3021 daAuts
   Orc:2: 2813 daAuts
    D:12: 2797 daAuts
  Lair:3: 2740 daAuts
     D:8: 2606 daAuts
 Swamp:4: 2592 daAuts
    D:11: 2500 daAuts
    D:15: 2370 daAuts
     D:9: 2360 daAuts
    D:13: 2344 daAuts
 Snake:2: 2288 daAuts
  Lair:5: 2254 daAuts
     D:4: 2108 daAuts
  Lair:4: 2089 daAuts
     D:3: 1992 daAuts
